 Dungeon Crawl Stone Soup version 0.22-a0-78-g0f8607c (webtiles) character file.

114754 KristoblXynda the Eclecticist (level 16, -9/82 HPs)
             Began as a Spriggan Enchanter on Jan 15, 2018.
             Was the Champion of Ashenzari.
             Killed from afar by a fire giant (69 damage)
             ... with a fireball
             ... on level 15 of the Dungeon.
             The game lasted 01:54:58 (33392 turns).

KristoblXynda the Eclecticist (Spriggan Enchanter) Turns: 33392, Time: 01:54:59

Health: -9/82      AC: 13    Str:  6    XL:     16   Next: 17%
Magic:  16/37      EV: 32    Int: 20    God:    Ashenzari [******]
Gold:   1838       SH:  9    Dex: 20    Spells: 29/48 levels left

rFire    . . .     SeeInvis +   G - +3 short sword "Siatou" {drain, rPois Stlth+} (curse)
rCold    + . .     Gourm    .   s - +0 buckler (curse)
rNeg     . . .     Faith    .   g - +2 robe {rC+} (curse)
rPois    +         Spirit   .   C - +1 hat
rElec    .         Reflect  .   S - +2 cloak {MR+} (curse)
rCorr    .         Harm     .   (gloves unavailable)
MR       +++..     Clarity  +   (boots unavailable)
Stlth    ++++++++..             v - amulet of magic regeneration (curse)
HPRegen  0.23/turn              e - +4 ring of protection (curse)
MPRegen  0.50/turn              m - ring of poison resistance (curse)

@: very quick
A: very small, unfitting armour, hooves 1, rugged brown scales 1, see invisible,
agile 1, herbivore, speed 3, slow metabolism 2
a: Curse Item, Scrying, Transfer Knowledge, Renounce Religion


You were on level 15 of the Dungeon.
You worshipped Ashenzari.
Ashenzari was exalted by your worship.
You were not hungry.

You visited 7 branches of the dungeon, and saw 27 of its levels.
You visited 1 bazaar.
You also visited: Ice Cave.

You collected 2903 gold pieces.
You spent 1065 gold pieces at shops.

Inventory:

Hand Weapons
 G - the cursed +3 short sword "Siatou" (weapon) {drain, rPois Stlth+}
   (You took it off an orc on level 12 of the Dungeon)

   A truly terrible weapon, it drains the life of those it strikes.
   It protects you from poison.
   It makes you more stealthy.
   It has a curse placed upon it.
Missiles
 x - 3 throwing nets (quivered)
Armour
 g - a cursed +2 robe of cold resistance (worn)
 s - a cursed +0 buckler (worn)
 C - a +1 hat (worn)
 S - a cursed +2 cloak of magic resistance (worn)
Jewellery
 e - a cursed +4 ring of protection (left hand)
 m - a cursed ring of poison resistance (right hand)
 v - a cursed amulet of magic regeneration (around neck)
Wands
 P - a wand of acid (1)
Scrolls
 b - 2 scrolls of fear
 c - 4 scrolls of identify
 f - 2 scrolls of fog
 k - 5 scrolls of teleportation
 p - a scroll of remove curse
 r - 2 scrolls of blinking
 B - 2 scrolls of magic mapping
 E - 2 scrolls of immolation
 J - 9 scrolls of amnesia
 O - a scroll of summoning
Potions
 a - 2 potions of cancellation
 h - 3 potions of mutation
 i - 3 potions of invisibility
 l - 3 potions of berserk rage
 n - 2 potions of haste
 o - a potion of flight
 q - 2 potions of magic
 t - 4 potions of curing
 z - 2 potions of agility
 D - 2 potions of ambrosia
 H - 6 potions of brilliance
Miscellaneous
 u - a fan of gales
 A - 2 sacks of spiders
 N - a crystal ball of energy
 T - a lamp of fire
 V - a box of beasts
Comestibles
 d - 31 rations


   Skills:
 - Level 7.0 Fighting
 - Level 9.4(13.7) Short Blades
 - Level 3.0 Armour
 + Level 12.3(15.0) Dodging
 - Level 15.0(17.6) Stealth
 - Level 5.5(8.5) Shields
 + Level 16.5 Spellcasting
 + Level 15.7(19.7) Hexes
 + Level 5.7(10.2) Summonings
 - Level 3.0(6.8) Ice Magic
 - Level 10.1(14.3) Evocations


You had 29 spell levels left.
You knew the following spells:

 Your Spells              Type           Power        Failure   Level  Hunger
a - Summon Mana Viper     Hex/Summ       ######..     1%          5    ###....
b - Ensorcelled Hibernat  Hex/Ice        ######       1%          2    None
c - Confuse               Hex            #######.     0%          3    None
d - Tukima's Dance        Hex            #######.     0%          3    None
e - Regeneration          Chrm/Necr      ###.......   9%          3    None
f - Spectral Weapon       Hex/Chrm       ######..     1%          3    None


Dungeon Overview and Level Annotations

Branches:
Dungeon (15/15)            Temple (1/1) D:4            Lair (6/6) D:8
  Swamp (1/4) Lair:2       Spider (0/4) Lair:2        Slime (1/5) Lair:5
    Orc (2/2) D:10            Elf (1/3) Orc:2        Vaults (0/5) D:13
 Depths (0/5) D:15

Altars:
Ashenzari
Cheibriados
Dithmenos
Elyvilon
Fedhas
Gozag
Hepliaklqana
Kikubaaqudgha
Makhleb
Nemelex Xobeh
Okawaru
Qazlal
Ru
Sif Muna
Trog
Uskayaw
Vehumet
Wu Jian
Xom
Yredelemnul
Zin
The Shining One
Beogh
Jiyva

Shops:
D:9 **%[=   D:13 [[?   D:14 ?   Orc:2 :*([

Portals:
Trove: Elf:1 (give 15 scrolls of teleportation)

Annotations:
D:8 exclusion: ice statue


Innate Abilities, Weirdness & Mutations

You are very small and have problems with some larger weapons.
You are too small for most types of armour.
You have supernaturally acute eyesight. (SInv)
You are a herbivore.
You cover ground extremely quickly.
You need consume almost no food.
You have large cloven feet.
You are partially covered in rugged brown scales. (AC +1, +3% HP)
You are agile. (Dex +2)


Message History

Aiming: Confuse
Press: ? - help, Shift-Dir - straight line, f - yaktaur
Aim: a yaktaur (moderately wounded, chance to defeat MR: 67%)
The yaktaur appears confused.
Casting: Confuse
Confirm with . or Enter, or press ? or * to list all spells.
Aiming: Confuse
Press: ? - help, Shift-Dir - straight line, f - fire giant, p - yaktaur
Aim: a fire giant, wielding a great sword of flaming (hasn't noticed you, chance to defeat MR: 32%)
The fire giant easily resists.
Casting: Confuse
Confirm with . or Enter, or press ? or * to list all spells.
Aiming: Confuse
Press: ? - help, Shift-Dir - straight line, f/p - fire giant
Aim: a fire giant, wielding a great sword of flaming (chance to defeat MR: 32%)
The fire giant easily resists.
The fire giant casts a spell at you.
The fireball explodes!
The fireball engulfs you!
Ouch! That really hurt!
You die...

##########..###* ** ** **
#................... ,, ,,,
#............. ....., ,
#...........#*#.c...,,,,, ,
#...........##...≈.§,≈ ,,
#...(.......#$...≈≈# ≈ , ,
#...........#...#≈≈§≈≈*,,,,,,
#.............≈≈≈≈...≈≈ ≈,,,,
#...........@.$≈≈C$..,≈≈ ,,
#.........()..§#≈e.>.,≈* , ,
##########(.#..≈≈....,≈≈, *
#..#.§≈≈§≈.≈ ≈, #(<#...#§≈≈.≈
, ##########..#....≈≈(≈ ,,,
#................§§≈. ,
#.........^..........,, *
###..........(####..#.# *


You could see a fire giant, a yaktaur (confused) and a deep elf mage.

Vanquished Creatures
  Saint Roka (Orc:2)
  Gastronok (D:8)
  A deep elf sorcerer (Elf:1)
  A frost giant (IceCv)
  An orc warlord (Orc:2)
  Nessos (Lair:6)
  A deep elf demonologist (Elf:1)
  Azrael (D:14)
  Snorg (D:14)
  A deep elf death mage (Elf:1)
  A fire dragon (Lair:6)
  Fannar (D:10)
  7 hydras
  Harold (D:10)
  2 catoblepae
  Erica (D:11)
  3 two-headed ogres
  A tengu warrior (D:13)
  3 death yaks
  5 dancing weapons (Elf:1)
  2 orc high priests
  A deep elf knight (Elf:1)
  Nergalle (D:10)
  7 skeletal warriors
  2 unseen horrors
  3 deep elf archers (Elf:1)
  Pikel (D:9)
  A wizard (D:14)
  2 orc knights (Orc:2)
  A swamp dragon (Lair:6)
  An oklob plant (Lair:6)
  A wolf spider zombie (D:15)
  22 deep elf magi
  An ugly thing (D:13)
  An orb spider (Lair:2)
  4 orc sorcerers
  4 cyclopes
  3 manticores (D:11)
  2 ice statues
  A centaur zombie (D:14)
  Maurice (D:8)
  4 black mambas
  A gargoyle (D:11)
  11 spiny frogs
  7 elephants
  4 centaur skeletons
  An efreet (D:14)
  10 rime drakes
  3 ice devils (D:8)
  4 yaktaurs (D:15)
  10 komodo dragons
  A tengu conjurer (D:13)
  4 trolls
  A troll (shapeshifter) (D:14)
  A merfolk (D:11)
  23 polar bears
  A polar bear (shapeshifter) (D:13)
  A hornet (D:11)
  6 raiju (Lair:6)
  2 slime creatures (D:14)
  A tyrant leech (Lair:2)
  A wolf spider simulacrum (D:14)
  11 hippogriffs
  A dream sheep (Lair:6)
  Sigmund (D:3)
  2 air elementals (Elf:1)
  A spriggan (Lair:5)
  A shadow (D:14)
  2 vampires
  A wraith (D:14)
  A water elemental (Elf:1)
  58 yaks
  A hungry ghost (D:11)
  2 wyverns
  6 fire elementals
  4 basilisks
  12 steam dragons
  4 vampire mosquitoes
  2 swamp worms (Lair:2)
  A swamp worm (shapeshifter) (D:13)
  8 wargs
  9 water moccasins
  14 hell hounds
  2 acid dragons
  9 porcupines
  A slave (D:9)
  An ice beast (D:9)
  A black bear (shapeshifter) (D:13)
  A swamp drake (Lair:6)
  24 orc warriors
  6 sky beasts
  11 black bears (Lair:6)
  An eye of draining (D:14)
  A necrophage (D:14)
  A hornet zombie (D:14)
  The ghost of Paulus the Skirmisher, an amateur FoFi (D:3)
  An eye of draining (shapeshifter) (D:14)
  4 centaurs
  5 phantoms
  14 ogres
  33 wolves
  8 crocodiles
  A big kobold (D:14)
  15 bullfrogs
  A gnoll sergeant (D:5)
  An earth elemental (Elf:1)
  A wyvern zombie (D:14)
  4 scorpions
  13 killer bees
  3 wights (D:11)
  2 howler monkeys
  A vampire bat (D:11)
  An electric eel (D:11)
  3 bullfrog zombies
  8 crimson imps
  A quasit (D:14)
  6 hounds
  6 jellies
  3 bullfrog skeletons
  8 orc priests
  4 iguanas
  21 orc wizards
  12 worker ants
  3 hound skeletons
  A hound zombie (D:5)
  A howler monkey zombie (D:6)
  A worker ant zombie (D:7)
  A howler monkey skeleton (D:11)
  7 gnolls (D:5)
  12 adders
  2 shadow imps
  12 white imps (D:14)
  3 ufetubi (D:8)
  An ooze (D:6)
  An adder skeleton (D:4)
  2 worms
  2 dart slugs
  4 leopard geckos
  56 orcs
  4 giant cockroaches
  8 goblins
  8 hobgoblins
  11 jackals
  7 kobolds
  3 quokkas
  A ball python (D:2)
  A ball python skeleton (D:5)
  10 bats
  7 frilled lizards
  A jackal zombie (D:7)
  2 leopard gecko skeletons
  A quokka skeleton (D:7)
  A quokka zombie (D:6)
  6 rats
756 creatures vanquished.

Vanquished Creatures (collateral kills)
  A dancing weapon (Elf:1)
  3 two-headed ogres
  Urug (Lair:3)
  A skeletal warrior (D:14)
  An orc knight (Orc:2)
  An orc sorcerer (Orc:2)
  An elephant (Lair:6)
  A water elemental (Elf:1)
  9 orc warriors
  An ogre (Orc:2)
  Blork the orc (Orc:2)
  A crimson imp (D:9)
  4 orc priests (Orc:2)
  An orc wizard (Orc:2)
  6 orcs (Orc:2)
33 creatures vanquished.

Vanquished Creatures (others)
  A deep elf knight (Elf:1)
  2 rime drakes (Lair:3)
  10 dancing weapons
  2 slime creatures (D:14)
  4 fungi (Lair:3)
  14 plants
33 creatures vanquished.

Grand Total: 822 creatures vanquished

Notes
Turn   | Place    | Note
-------+----------+-------------------------------------------
     0 | D:1      | KristoblXynda the Spriggan Enchanter began the quest for the Orb.
     0 | D:1      | Reached XP level 1. HP: 9/9 MP: 5/5
   150 | D:1      | Reached skill level 3 in Spellcasting
   259 | D:1      | Reached XP level 2. HP: 4/13 MP: 7/7
   305 | D:1      | Learned a level 2 spell: Ensorcelled Hibernation
   793 | D:1      | Reached skill level 5 in Stealth
  1592 | D:1      | Reached XP level 3. HP: 16/16 MP: 8/8
  1597 | D:1      | Learned a level 3 spell: Confuse
  2314 | D:3      | Reached XP level 4. HP: 21/21 MP: 5/10
  2666 | D:3      | Reached skill level 4 in Spellcasting
  2686 | D:3      | Noticed Sigmund
  2785 | D:3      | Killed Sigmund
  2785 | D:3      | Reached skill level 5 in Spellcasting
  2785 | D:3      | Reached skill level 5 in Hexes
  2785 | D:3      | Reached XP level 5. HP: 21/24 MP: 9/13
  2785 | D:3      | Reached XP level 6. HP: 25/28 MP: 9/14
  2792 | D:3      | Learned a level 3 spell: Tukima's Dance
  3065 | D:3      | Noticed Paulus's ghost (amateur FoFi)
  3159 | D:3      | Killed Paulus's ghost
  3336 | D:3      | Found a faded altar of an unknown god.
  3373 | D:4      | Found a shattered altar of Ashenzari.
  3453 | D:4      | Became a worshipper of Ashenzari the Shackled
  3517 | D:4      | Found a staircase to the Ecumenical Temple.
  3932 | D:4      | Reached XP level 7. HP: 27/32 MP: 11/16
  4065 | Temple   | Entered the Ecumenical Temple
  4218 | D:5      | Entered Level 5 of the Dungeon
  5219 | D:5      | Reached skill level 6 in Spellcasting
  5796 | D:5      | Noticed a hippogriff
  5801 | D:5      | Killed a hippogriff
  5801 | D:5      | Reached XP level 8. HP: 29/36 MP: 10/19
  6000 | D:6      | Reached * piety under Ashenzari
  6707 | D:7      | Reached skill level 7 in Spellcasting
  6924 | D:7      | Reached skill level 10 in Stealth
  7041 | D:7      | Reached skill level 5 in Short Blades
  7269 | D:7      | Noticed a hippogriff
  7295 | D:7      | Killed a hippogriff
  7295 | D:7      | Reached skill level 1 in Evocations
  7295 | D:7      | Reached XP level 9. HP: 20/39 MP: 11/21
  7409 | D:7      | Reached skill level 8 in Spellcasting
  8122 | D:8      | Noticed an ice devil
  8123 | D:8      | Noticed an ice devil
  8123 | D:8      | Noticed an ice devil
  8124 | D:8      | Noticed an ice devil
  8124 | D:8      | Noticed an ice devil
  8128 | D:8      | Noticed an ice devil
  8129 | D:8      | Noticed an ice statue
  8136 | D:8      | Killed an ice devil
  8345 | D:8      | Noticed a two-headed ogre
  8799 | D:8      | Killed an ice devil
  8799 | D:8      | Reached skill level 5 in Dodging
  8799 | D:8      | Killed an ice devil
  8892 | D:8      | Noticed Maurice
  8902 | D:8      | Killed Maurice
  8902 | D:8      | Reached skill level 9 in Spellcasting
  8989 | D:8      | Reached skill level 5 in Evocations
  9008 | D:8      | Killed a two-headed ogre
  9008 | D:8      | Reached XP level 10. HP: 17/44 MP: 19/24
  9226 | D:8      | Found a staircase to the Lair.
  9285 | D:8      | Noticed a two-headed ogre
  9287 | D:8      | Noticed Gastronok
  9294 | D:8      | Killed a two-headed ogre
  9342 | D:8      | Killed Gastronok
  9342 | D:8      | Reached skill level 10 in Spellcasting
  9342 | D:8      | Reached skill level 10 in Hexes
  9401 | D:8      | Reached ** piety under Ashenzari
  9725 | D:9      | Found Syudop's Assorted Antiques.
  9726 | D:9      | Found a shimmering altar of Xom.
  9998 | D:9      | Found Cacah's General Store.
 10001 | D:9      | Bought a scroll of remove curse for 39 gold pieces
 10021 | D:9      | Bought a scroll of noise for 13 gold pieces
 10021 | D:9      | Bought 2 scrolls of identify for 52 gold pieces
 10036 | D:9      | Reached skill level 1 in Ice Magic
 10205 | D:9      | Found Ifuega's Food Emporium.
 10431 | D:9      | Found Xyluinn's Jewellery Emporium.
 10506 | D:9      | Found Esing's Antique Armour Shoppe.
 10514 | D:9      | Bought a glowing robe for 114 gold pieces
 10567 | D:9      | Noticed Pikel
 10607 | D:9      | Killed Pikel
 10607 | D:9      | Reached XP level 11. HP: 31/47 MP: 15/26
 10793 | D:9      | Noticed an unseen horror
 10804 | D:9      | Killed an unseen horror
 10917 | D:10     | Entered Level 10 of the Dungeon
 10958 | D:10     | Got the uncursed pair of boots of Brilliance {rN++ Int+5 Dex-3}
 10985 | D:10     | Found a staircase to the Orcish Mines.
 11085 | D:10     | Noticed Harold
 11385 | D:10     | Found a radiant altar of Vehumet.
 11433 | D:10     | Noticed Fannar
 11462 | D:10     | Killed Fannar
 11462 | D:10     | Reached skill level 10 in Dodging
 11544 | D:10     | Noticed Nergalle
 11580 | D:10     | Killed Nergalle
 11614 | D:10     | Killed Harold
 11614 | D:10     | Reached skill level 1 in Shields
 12226 | D:11     | Noticed a skeletal warrior
 12233 | D:11     | Noticed a skeletal warrior
 12726 | D:11     | Noticed Erica
 12752 | D:11     | Killed Erica
 13146 | D:11     | Reached skill level 1 in Fighting
 13363 | D:11     | Reached XP level 12. HP: 51/53 MP: 21/27
 13810 | D:11     | Reached *** piety under Ashenzari
 13968 | D:11     | Reached skill level 5 in Shields
 14207 | D:12     | Found Immituw's Armour Emporium.
 14777 | D:12     | Reached skill level 10 in Evocations
 15035 | D:12     | Got the short sword "Siatou" {drain, rPois Stlth+}
 15037 | D:12     | Identified the +3 short sword "Siatou" {drain, rPois Stlth+} (You took it off an orc on level 12 of the Dungeon)
 15192 | D:12     | Identified the +0 leather armour "Gabox" {Stlth+}
 15356 | D:13     | Reached skill level 1 in Armour
 15382 | D:13     | Found Oreingih's Antique Armour Emporium.
 15400 | D:13     | Found Siffyun's Antique Armour Shop.
 15424 | D:13     | Bought a shiny buckler for 225 gold pieces
 15570 | D:13     | Reached skill level 15 in Stealth
 16063 | D:13     | Reached skill level 11 in Spellcasting
 16076 | D:13     | Reached **** piety under Ashenzari
 16118 | D:13     | Found Vamyum's Magic Scroll Boutique.
 16147 | D:13     | Noticed a tengu warrior
 16197 | D:13     | Killed a tengu warrior
 16378 | D:13     | Found a gate to the Vaults.
 16500 | D:13     | Found a sacrificial altar of Ru.
 16873 | D:13     | Noticed a two-headed ogre
 16885 | D:13     | Killed a two-headed ogre
 17026 | D:14     | Reached XP level 13. HP: 55/63 MP: 24/29
 17031 | D:14     | Found a sacrificial altar of Ru.
 17051 | D:14     | Noticed Snorg
 17056 | D:14     | Found a frozen archway.
 17102 | D:14     | Noticed Azrael
 17125 | D:14     | Reached skill level 5 in Fighting
 17308 | IceCv    | Entered an ice cave
 18105 | IceCv    | Reached skill level 12 in Spellcasting
 18710 | IceCv    | Noticed a frost giant
 18924 | IceCv    | Killed a frost giant
 19379 | D:14     | Killed Snorg
 19771 | D:14     | Found Iladang's Magic Scroll Emporium.
 19998 | D:14     | Identified Sif Muna's Handbook of Combed Thunderclap
 20029 | D:14     | Reached skill level 13 in Spellcasting
 20033 | D:14     | Killed Azrael
 20307 | D:15     | Entered Level 15 of the Dungeon
 20457 | Lair:1   | Entered Level 1 of the Lair of Beasts
 20977 | Lair:1   | Reached XP level 14. HP: 68/68 MP: 32/32
 21089 | Lair:1   | Reached ***** piety under Ashenzari
 22030 | Lair:2   | Found a hole to the Spider Nest.
 22237 | Lair:2   | Found a staircase to the Swamp.
 22304 | Swamp:1  | Entered Level 1 of the Swamp
 23066 | Lair:3   | Gained mutation: You are dopey. (Int -2) [potion of mutation]
 23066 | Lair:3   | Gained mutation: You tend to lose your temper in combat. [potion of mutation]
 23066 | Lair:3   | Gained mutation: You have large cloven feet. [potion of mutation]
 23067 | Lair:3   | Lost mutation: You tend to lose your temper in combat. [potion of mutation]
 23067 | Lair:3   | Lost mutation: You are dopey. (Int -2) [potion of mutation]
 23067 | Lair:3   | Gained mutation: You are agile. (Dex +2) [potion of mutation]
 23067 | Lair:3   | Gained mutation: You are partially covered in rugged brown scales. (AC +1, +3% HP) [potion of mutation]
 23518 | Lair:3   | Reached skill level 14 in Spellcasting
 23541 | Lair:3   | Noticed Urug
 23558 | Lair:3   | Killed Urug
 24062 | Lair:4   | Reached ****** piety under Ashenzari
 24805 | Lair:5   | Found a staircase to the Slime Pits.
 24810 | Lair:5   | Found a viscous altar of Jiyva.
 25247 | Lair:5   | Identified the cursed ring "Heteg" {rElec rF+ Str-5 Int+4 Dex-5}
 25248 | Lair:5   | Identified the ring of Igeqel {rPois rN+}
 25711 | Slime:1  | Entered Level 1 of the Pits of Slime
 25711 | Slime:1  | Noticed an acid blob
 25724 | Lair:6   | Entered Level 6 of the Lair of Beasts
 25783 | Lair:6   | Noticed Nessos
 25795 | Lair:6   | Killed Nessos
 26142 | Lair:6   | Learned a level 5 spell: Summon Mana Viper
 26541 | Lair:6   | Reached skill level 1 in Summonings
 26576 | Lair:6   | Reached skill level 15 in Spellcasting
 26576 | Lair:6   | Reached XP level 15. HP: 59/76 MP: 14/35
 28216 | D:10     | Identified the +2 trident of Fee Simple {pain, *Contam +Inv rPois Stlth+}
 28243 | Orc:1    | Entered Level 1 of the Orcish Mines
 28868 | Orc:2    | Entered Level 2 of the Orcish Mines
 28934 | Orc:2    | Found a staircase to the Elven Halls.
 28937 | Orc:2    | Found a roughly hewn altar of Beogh.
 29035 | Orc:2    | Noticed an orc warlord
 29088 | Orc:2    | Killed an orc warlord
 29340 | Orc:2    | Noticed Blork the orc
 29346 | Orc:2    | Found a roughly hewn altar of Beogh.
 29356 | Orc:2    | Killed Blork the orc
 29357 | Orc:2    | Noticed Saint Roka
 29743 | Orc:2    | Killed Saint Roka
 29743 | Orc:2    | Reached skill level 15 in Hexes
 29756 | Orc:2    | Found Finug's Antique Weapon Shoppe.
 29768 | Orc:2    | Found Gaofer's Book Shoppe.
 29787 | Orc:2    | Found Boreres's General Store.
 29861 | Orc:2    | Found Mudopseps's Antique Armour Shoppe.
 29901 | Orc:2    | Bought a smoking short sword for 256 gold pieces
 29901 | Orc:2    | Identified the +1 short sword of Piot {elec, +Rage rF+ Str+4 Int-3} (You bought it in a shop on level 2 of the Orcish Mines)
 30650 | Elf:1    | Entered Level 1 of the Elven Halls
 30785 | Elf:1    | Found a flickering gateway to a bazaar.
 30790 | Bazaar   | Entered a bazaar
 30909 | Bazaar   | Found Legil's Food Shoppe.
 30927 | Bazaar   | Found Ykhlesel's Distillery.
 30927 | Bazaar   | Found Usepu's General Store.
 30938 | Bazaar   | Bought the ring of Fipnem {MP+9 Int+3} for 366 gold pieces
 30949 | Bazaar   | Found Bawah's Food Shoppe.
 30962 | Bazaar   | Found Tuudih's Jewellery Shoppe.
 30994 | Elf:1    | Reached skill level 16 in Spellcasting
 31434 | Elf:1    | Found a portal to a secret trove of treasure.
 31524 | Elf:1    | Reached skill level 5 in Summonings
 31738 | Elf:1    | Noticed a deep elf sorcerer
 31747 | Elf:1    | Killed a deep elf sorcerer
 31760 | Elf:1    | Learned a level 3 spell: Regeneration
 31764 | Elf:1    | Learned a level 3 spell: Spectral Weapon
 31777 | Elf:1    | Reached XP level 16. HP: 82/82 MP: 37/37
 32653 | D:14     | Identified Aresanezuy's Volume of Dhcmrlchtdj
 32660 | D:14     | Identified the Compendium of Sand
 33310 | D:15     | Found a stormy altar of Qazlal.
 33341 | D:15     | Found a staircase to the Depths.
 33392 | D:15     | Killed from afar by a fire giant

Vault maps used:
D:1:      eino_arrival_cavern_e, item_on_display_a
D:3:      chequers_ecumenical_altar_lobes, uniq_sigmund
D:4:      minmay_temple_entry_mist, first_ration, hangedman_decor_lopped,
          cheibrodos_ashenzari_chains
D:5:      kennysheep_windowed_halls, roderic_roman_lattice,
          kennysheep_generic_room_6
D:8:      cheibrodos_frozen_isle, lair_entry_dummy, lemuel_flamethrower_1,
          uniq_gastronok, uniq_maurice
D:9:      nicolae_overflow_hidden_temple, serial_shops, kennysheep_mini_moat,
          shop, shop, nicolae_shop_overgrown_old_shop, shop, uniq_pikel
D:10:     orc_0_dummy, basic_altar, uniq_nergalle, uniq_harold, uniq_fannar
D:11:     hangedman_fish_farm, serial_bayou_pond_b, st_stairs_12,
          roderic_batcave, uniq_erica
D:12:     serial_shops, nicolae_shop_window_shopping
D:13:     david_vaults_2, serial_shops, shop, nicolae_shop_stone,
          shop_fountains, basic_altar
D:14:     portal_ice_cave_entry_imps, serial_park_square3, serial_shops, shop,
          hangedman_abyss_or_decor_slice, minmay_misc_feat_plants,
          bh_hangedman_babel_library, uniq_snorg, uniq_azrael
D:15:     grunt_enter_depths_giant_problem, minmay_misc_feat_five,
          minmay_stone_trees_medium, grunt_qazlal_clouds
Temple:   kilobyte_greek_temple
Lair:1:   minivault_11, grunt_megastairs_3
Lair:2:   minmay_swamp_entry_worms, nicolae_spider_entry_orb_guardian
Lair:3:   bobbens_dragon_lair_wall, uniq_urug
Lair:4:   cheibrodos_lair_reptile_den
Lair:5:   statuecave_lemuel, slime_altar_1, grunt_forest_large_clearing_hut
Lair:6:   hangedman_lair_caniforms_friends, guppyfry_lair_end_dragon,
          minivault_23, eino_small_chamber_without_monster,
          minmay_lair_oklob_bushes, lemuel_fruit_tree, uniq_nessos
Swamp:1:  evilmike_swamp_ruin_rubble_2, roderic_carrion_pond
Slime:1:  cheibrodos_slime_lost_civilization_7
Orc:2:    grunt_orc_cross, basic_altar, nicolae_orc_crystal_geode
Elf:1:    elf_arrival_001, serial_shops, bzr_entry_dummy,
          nicolae_trove_entry_columns, hangedman_elf_represent
Bazaar:   bazaar_long_row
IceCv:    ice_cave_caverns_01

Skill      XL: |  1  2  3  4  5  6  7  8  9 10 11 12 13 14 15 16 |
---------------+-------------------------------------------------+-----
Spellcasting   | 3 5 6 7 9 10 11 13 15 16 | 16.5
Hexes          | 4 5 6 7 8 9 10 12 14 15 | 15.7
Stealth        | 5 7 9 10 11 13 15 | 15.0
Short Blades   | 2 4 5 8 9 |  9.4
Evocations     | 1 5 8 9 10 | 10.1
Dodging        | 6 9 10 11 12 | 12.3
Ice Magic      | 2 3 |  3.0
Shields        | 4 5 |  5.5
Fighting       | 1 4 5 6 7 |  7.0
Armour         | 2 3 |  3.0
Summonings     | 1 5 |  5.7

Action                   |  1- 3 |  4- 6 |  7- 9 | 10-12 | 13-15 | 16-18 || total
-------------------------+-------+-------+-------+-------+-------+-------++-------
Melee: Dagger            |   131 |   120 |   311 |   493 |       |       ||  1055
       Short sword       |       |       |       |   104 |  1536 |   154 ||  1794
       Kick              |       |       |       |       |   208 |    40 ||   248
Throw: Throwing net      |       |       |       |       |     1 |       ||     1
 Cast: Ensorcelled Hiber |    12 |    29 |    87 |   129 |   152 |     3 ||   412
       Confuse           |       |     1 |    49 |   103 |   261 |    10 ||   424
       Tukima's Dance    |       |       |     2 |     9 |    42 |     7 ||    60
       Summon Mana Viper |       |       |       |       |     7 |     4 ||    11
Invok: Curse Item        |       |       |     2 |     4 |     1 |       ||     7
       Scrying           |       |       |       |       |     2 |       ||     2
Evoke: Wand              |       |       |       |    21 |    30 |       ||    51
       Box of beasts     |       |       |       |     1 |       |       ||     1
       Sack of spiders   |       |       |       |       |     1 |       ||     1
       Lamp of fire      |       |       |       |       |     2 |       ||     2
  Use: Scroll            |     3 |     2 |     6 |    10 |    14 |       ||    35
       Potion            |       |       |     5 |     1 |    12 |       ||    18
 Stab: Sleeping          |    21 |    28 |    45 |   101 |   136 |     9 ||   340
       Confused          |       |     3 |    15 |    61 |   155 |     1 ||   235
       Distracted        |       |       |       |     1 |     4 |     3 ||     8
       Held in net/web   |       |       |       |       |     2 |       ||     2
       Invisible         |       |       |       |       |     3 |       ||     3
  Eat: Ration            |       |     1 |     3 |     5 |     8 |     1 ||    18
Armor: Robe              |    11 |    16 |    50 |    51 |   103 |     6 ||   237
       Skin              |       |       |     1 |       |       |       ||     1
Dodge: Dodged            |    87 |    95 |   270 |   369 |   903 |    63 ||  1787
Block: Buckler           |       |       |       |    83 |   452 |    18 ||   553

Table legend:
 A = Spawn XP
 B = Non-spawn XP
 C = Spawn XP percentage of total XP
 D = Spawn monster count
 E = Non-spawn monster count
 F = Spawn count percentage of total count
 G = Total turns spent on level
                    A         B        C        D         E        F      G
               +---------+---------+-------+---------+---------+-------+---------
         Total |       0 |  163935 |   0.0 |       0 |     791 |   0.0 | 33392
               +---------+---------+-------+---------+---------+-------+---------
           D:1 |       0 |      42 |   0.0 |       0 |      23 |   0.0 |  1616
           D:2 |       0 |      55 |   0.0 |       0 |      18 |   0.0 |   952
           D:3 |       0 |     469 |   0.0 |       0 |      24 |   0.0 |   803
           D:4 |       0 |     172 |   0.0 |       0 |      16 |   0.0 |   797
           D:5 |       0 |     911 |   0.0 |       0 |      30 |   0.0 |  1575
           D:6 |       0 |     165 |   0.0 |       0 |       7 |   0.0 |   862
           D:7 |       0 |    1499 |   0.0 |       0 |      22 |   0.0 |  1366
           D:8 |       0 |    4933 |   0.0 |       0 |      18 |   0.0 |  1557
           D:9 |       0 |    3907 |   0.0 |       0 |      30 |   0.0 |  1510
          D:10 |       0 |    3362 |   0.0 |       0 |      13 |   0.0 |  1262
          D:11 |       0 |   10129 |   0.0 |       0 |      55 |   0.0 |  2402
          D:12 |       0 |    5974 |   0.0 |       0 |      34 |   0.0 |   922
          D:13 |       0 |    6129 |   0.0 |       0 |      22 |   0.0 |  1666
          D:14 |       0 |   13461 |   0.0 |       0 |      70 |   0.0 |  2053
          D:15 |       0 |    3004 |   0.0 |       0 |       9 |   0.0 |   150
        Lair:1 |       0 |    4586 |   0.0 |       0 |      16 |   0.0 |  1121
        Lair:2 |       0 |    5114 |   0.0 |       0 |      16 |   0.0 |   840
        Lair:3 |       0 |    8921 |   0.0 |       0 |      35 |   0.0 |  1563
        Lair:4 |       0 |    2406 |   0.0 |       0 |       9 |   0.0 |   555
        Lair:5 |       0 |    6550 |   0.0 |       0 |      20 |   0.0 |  1331
        Lair:6 |       0 |   26202 |   0.0 |       0 |      95 |   0.0 |  2293
         Orc:1 |       0 |    4310 |   0.0 |       0 |      26 |   0.0 |  1039
         Orc:2 |       0 |   13801 |   0.0 |       0 |      88 |   0.0 |  1401
         Elf:1 |       0 |   25469 |   0.0 |       0 |      42 |   0.0 |  1450
         IceCv |       0 |   12364 |   0.0 |       0 |      53 |   0.0 |  1967
               +---------+---------+-------+---------+---------+-------+---------
